 Dungeon Crawl Stone Soup version 0.25.1-8-g42b30a86e7 (webtiles) character file.

Game seed: 16905966249836153895

159 Gabide the Skirmisher (level 5, -2/42 HPs)
             Began as a Human Abyssal Knight on Dec 5, 2020.
             Was a Follower of Lugonu.
             Slain by a gnoll
             ... wielding a +2 vorpal halberd
              (4 damage)
             ... on level 3 of the Dungeon.
             The game lasted 00:04:10 (3067 turns).

Gabide the Skirmisher (Human Abyssal Knight)        Turns: 3067, Time: 00:04:10

Health: -2/42      AC: 12    Str: 13    XL:     5   Next: 68%
Magic:  16/16      EV:  3    Int: 12    God:    Lugonu [*.....]
Gold:   135        SH:  0    Dex: 13    Spells: 4/4 levels left

rFire    . . .     SeeInvis .   a - +1 spear
rCold    . . .     Gourm    .   (no shield)
rNeg     . . .     Faith    .   m - +0 plate armour
rPois    .         Spirit   .   (no helmet)
rElec    .         Reflect  .   j - +0 cloak
rCorr    .         Harm     .   (no gloves)
MR       .....                  (no boots)
Stlth    ..........             (no amulet)
HPRegen  0.14/turn              d - ring of magical power
MPRegen  0.15/turn              (no ring)

@: no status effects
A: no striking features
a: Depart the Abyss, Renounce Religion


You were on level 3 of the Dungeon.
You worshipped Lugonu.
Lugonu was aware of your devotion.
You were not hungry.

You visited 1 branch of the dungeon, and saw 3 of its levels.
You visited the Abyss 1 time.

You collected 135 gold pieces.

Inventory:

Hand Weapons
 a - a +1 spear (weapon)
Missiles
 n - 3 boomerangs (quivered)
Armour
 b - a +1 leather armour
 f - a +0 chain mail
 j - a +0 cloak (worn)
 m - a +0 plate armour (worn)
Jewellery
 d - a ring of magical power (left hand)
Scrolls
 h - a scroll of remove curse
 i - a scroll of teleportation
 k - a scroll of identify
Potions
 e - a potion of curing
 g - 2 potions of heal wounds {unknown}
Comestibles
 c - 3 rations


   Skills:
 + Level 4.0 Fighting
 + Level 3.3 Polearms
 + Level 0.1 Throwing
 * Level 2.8 Armour
 + Level 1.3 Dodging
 - Level 0.2 Stealth
 * Level 3.0 Invocations


You had 4 spell levels left.
You didn't know any spells.
Your spell library contained the following spells:

 Spells                   Type           Power        Failure   Level  Hunger
 Beastly Appendage        Tmut           #.....       100%        1    ##.....
 Sticks to Snakes         Tmut           #.......     100%        2    ###....
 Spider Form              Tmut/Pois      #.........   100%        3    ####...
 Ice Form                 Ice/Tmut       #.......     100%        4    #####..
 Blade Hands              Tmut           #.........   100%        5    ######.


Dungeon Overview and Level Annotations

Branches:
Dungeon (3/15)

Altars:
Cheibriados
Fedhas
Okawaru
Ru


Message History

Here: an orc warrior, wielding a +1 mace of holy wrath and wearing a +0 chain mail (lightly wounded)
The floor, spattered with blood.
Unknown command.
It was a potion of curing.
You feel better.
The orc warrior hits you with a +1 mace of holy wrath!
You feel better.
The orc warrior hits you with a +1 mace of holy wrath!
You barely miss the orc warrior.
The orc warrior is lightly wounded.
The orc hits you but does no damage.
Okay, then.
As you read the scroll of teleportation, it crumbles to dust.
You feel strangely unstable. The orc hits you but does no damage.
The orc warrior hits you with a +1 mace of holy wrath!
* * * LOW HITPOINT WARNING * * *
Your surroundings suddenly seem different.
A gnoll comes into view. It is wielding a +2 vorpal halberd.
The gnoll shouts!
The gnoll hits you from afar with a +2 vorpal halberd.
You die... ############### .....g.@....... ###############

You could see a gnoll.

Vanquished Creatures
  An orc priest (D:3)
  A worker ant (D:3)
  3 adders
  A gnoll (D:3)
  An ooze (D:2)
  2 worms (D:2)
  A dart slug (D:1)
  3 leopard geckos
  2 orcs (D:3)
  7 bats
  A giant cockroach (D:3)
  5 goblins
  6 hobgoblins
  5 jackals
  5 kobolds
  A ball python (D:3)
  4 frilled lizards
  3 rats
52 creatures vanquished.

Notes
Turn   | Place    | Note
-------+----------+-------------------------------------------
     0 | Abyss:1  | Gabide the Human Abyssal Knight began the quest for the
                  | Orb.
     0 | Abyss:1  | Reached XP level 1. HP: 18/18 MP: 2/2
    25 | Abyss:1  | Noticed a neqoxec
    27 | Abyss:1  | Noticed a crimson imp
    27 | D:1      | Escaped the Abyss
    42 | D:1      | Noticed a formicid
    42 | D:1      | Noticed a naga
    44 | D:1      | Noticed a tengu
    44 | D:1      | Noticed a felid
    47 | D:1      | Noticed a halfling
    47 | D:1      | Noticed a vine stalker
    49 | D:1      | Noticed a dwarf
    51 | D:1      | Noticed a gargoyle
    53 | D:1      | Noticed a human
    53 | D:1      | Noticed a vampire
    57 | D:1      | Noticed a demonspawn
    57 | D:1      | Noticed an octopode
    59 | D:1      | Noticed a spriggan
    59 | D:1      | Noticed an elf
    61 | D:1      | Noticed a troll
    61 | D:1      | Noticed a demigod
    63 | D:1      | Noticed a merfolk
    63 | D:1      | Noticed a draconian
    65 | D:1      | Noticed a minotaur
    65 | D:1      | Noticed a centaur
    67 | D:1      | Noticed a ghoul
    67 | D:1      | Noticed an ogre
   389 | D:1      | Reached XP level 2. HP: 16/24 MP: 3/3
   658 | D:1      | Reached * piety under Lugonu
  1089 | D:2      | Reached XP level 3. HP: 29/29 MP: 4/4
  1770 | D:2      | Found a sacrificial altar of Ru.
  1807 | D:2      | Reached XP level 4. HP: 36/36 MP: 5/5
  2503 | D:3      | Found an iron altar of Okawaru.
  2609 | D:3      | Found a snail-covered altar of Cheibriados.
  2610 | D:3      | Found a blossoming altar of Fedhas.
  2919 | D:3      | Reached XP level 5. HP: 40/42 MP: 7/7
  3038 | D:3      | Noticed an orc warrior
  3041 | D:3      | Reached skill level 4 in Fighting
  3065 | D:3      | HP: 2/42 [orc warrior/+1 mace of holy wrath (11)]
  3067 | D:3      | Slain by a gnoll

Illustrated notes

Levels and vault maps discovered:
D:1:      kb_arrival_jail, layout_loops_corners
D:2:      layout_loops_corners, hangedman_ru_absence
D:3:      lemuel_castle_with_subvaults [lemuel_castle_interior_carwin_2],
          layout_basic, chequers_temple_overflow_statue_of_worship

Skill      XL: |  1  2  3  4  5 |
---------------+----------------+-----
Polearms       | 3 |  3.3
Fighting       | 4 |  4.0
Invocations    | 3 |  3.0
Throwing       | |  0.1
Armour         | |  2.8
Dodging        | |  1.3
Stealth        | |  0.2

Action                   |  1- 3 |  4- 6 || total
-------------------------+-------+-------++-------
Melee: Spear             |   131 |   132 ||   263
Throw: Boomerang         |       |     9 ||     9
Invok: Depart the Abyss  |     1 |       ||     1
  Use: Scroll            |     3 |     2 ||     5
       Potion            |       |     2 ||     2
 Stab: Sleeping          |     1 |       ||     1
  Eat: Chunk             |     3 |     4 ||     7
Armor: Leather armour    |    25 |       ||    25
       Chain mail        |       |    54 ||    54
       Plate armour      |       |    18 ||    18
Dodge: Dodged            |    60 |    27 ||    87
